 Dungeon Crawl Stone Soup version 0.28.0 (webtiles) character file.

Game seed: 17401813644755017759

2567 Hasart the Insei (level 9, 0/70 HPs)
             Began as an Octopode Transmuter on Feb 15, 2022.
             Was an Initiate of Gozag.
             Slain by a shadow (26 damage)
             ... on level 8 of the Dungeon.
             The game lasted 00:17:48 (10537 turns).

Hasart the Insei (Octopode Transmuter)             Turns: 10537, Time: 00:17:48

Health: 0/70       AC:  7    Str: 15    XL:     9   Next: 57%
Magic:  10/15      EV: 11    Int: 20    God:    Gozag
Gold:   195        SH:  0    Dex: 12    Spells: 4/16 levels left

rFire   x . .      SeeInvis .     - Unarmed
rCold   + + +      Faith    .   (shield currently unavailable)
rNeg    + . .      Spirit   .   (helmet currently unavailable)
rPois   +          Reflect  .   (no amulet)
rElec   .          Harm     .   b - ring of resist corrosion
rCorr   +          Rampage  .   g - +6 ring of strength
Will    .....                   v - ring of positive energy
Stlth   +.........              (no ring)
HPRegen 0.21/turn               (no ring)
MPRegen 0.14/turn               (no ring)
                                (no ring)
                                (no ring)

@: ice-form
A: freezing attack, boosted hp, almost no armour, amphibious, 8 rings, large,
(camouflage 1), (gelatinous body 1), (nimble swimmer 1), (tentacles)
a: End Transformation, Renounce Religion, Potion Petition, Call Merchant, Bribe
Branch


You were on level 8 of the Dungeon.
You worshipped Gozag.
Gozag was aware of your devotion.
You were a creature of crystalline ice.
You visited 1 branch of the dungeon, and saw 9 of its levels.

You collected 880 gold pieces.
You paid 685 gold pieces to Gozag.

Inventory:

Missiles
 x - a throwing net
Jewellery
 b - a ring of resist corrosion (left front paw)
 g - a +6 ring of strength (right front paw)
 v - a ring of positive energy (on tentacle)
Wands
 l - a wand of paralysis (6)
Scrolls
 e - 3 scrolls of enchant armour
 h - 2 scrolls of vulnerability
 k - a scroll of amnesia
 n - a scroll of torment
 p - a scroll of teleportation
 q - 3 scrolls of blinking
 w - a scroll of magic mapping
Potions
 a - 5 potions of curing
 i - 3 potions of heal wounds
 m - a potion of resistance
 o - a potion of mutation {unknown}
 s - a potion of haste
 t - a potion of attraction {unknown}
 u - a potion of berserk rage {unknown}


   Skills:
 + Level 4.4 Fighting
 + Level 4.8 Dodging
 * Level 7.0 Unarmed Combat
 + Level 4.4 Spellcasting
 + Level 4.8 Transmutations
 * Level 4.7 Ice Magic
 + Level 4.8 Poison Magic


You had 4 spell levels left.
You knew the following spells:

 Your Spells              Type           Power      Damage    Failure   Level
b - Wereblood             Tmut           23%        N/A       2%          2
c - Spider Form           Tmut/Pois      23%        N/A       4%          3
d - Ice Form              Ice/Tmut       23%        N/A       17%         4
e - Frozen Ramparts       Ice            46%        1d6       5%          3

Your spell library contained the following spells:

 Spells                   Type           Power      Damage    Failure   Level
 Beastly Appendage        Tmut           46%        N/A       1%          1
 Freeze                   Ice            92%        1d10      1%          1
 Apportation              Tloc           8%         N/A       12%         1
 Summon Small Mammal      Summ           16%        N/A       12%         1
 Call Canine Familiar     Summ           4%         N/A       36%         3
 Gell's Gravitas          Tloc           4%         N/A       36%         3
 Summon Guardian Golem    Hex/Summ       4%         N/A       36%         3
 Teleport Other           Tloc           4%         N/A       36%         3
 Hailstorm                Conj/Ice       13%        3d5       43%         4
 Alistair's Intoxication  Tmut/Pois      15%        N/A       43%         5
 Dispersal                Tloc           2%         N/A       100%        6


Dungeon Overview and Level Annotations

Branches:
Dungeon (9/15)             Temple (0/1) D:4             Orc (0/2) D:9
   Lair: D:8-11

Altars:
Fedhas
Gozag
Makhleb
Nemelex Xobeh
Trog
Yredelemnul

Shops:
D:3 !   D:5 ?   D:8 =

Annotations:
D:4 Grinder
D:6 1 runed translucent door, Crazy Yiuf


Innate Abilities, Weirdness & Mutations

You are a creature of crystalline ice.
You have a powerful freezing melee attack.
Your maximum health is increased.
Your armour is entirely melded.
You are incapable of wielding weapons or throwing items.
You cannot wear most types of armour.
You are amphibious.
You can wear up to eight rings at the same time.
((Your skin changes colour to match your surroundings (Stealth+).))
((Your rubbery body absorbs attacks. (AC +1, EV +1)))
((You are camouflaged when in or above water. (Stealth+)))
((You have tentacles for arms and can constrict up to eight enemies at once.))


Message History

There is a stone staircase leading down here.
Casting: Spider Form (dangerous; 14% risk of failure)
Confirm with . or Enter, or press ? or * to list all spells.
The spell is quite dangerous to miscast (36% risk of failure)!
Continue anyway?
Your transformation has ended.
You turn into a creature of crystalline ice.
The shadow slips into darkness.
The shadow flickers and vanishes!
Deactivating autopickup; reactivate with Ctrl-A.
Unknown command.
You hit something.
The shadow strikes at you from the darkness!
Reactivating autopickup.
You hit the shadow.
The shadow is moderately damaged.
The shadow hits you.
You pummel the shadow!!
The shadow is almost destroyed.
The shadow closely misses you.
You barely miss the shadow.
The shadow is almost destroyed.
The shadow hits you!
You hit the shadow.
The shadow is almost destroyed.
The shadow slips into darkness.
The shadow flickers and vanishes!
Deactivating autopickup; reactivate with Ctrl-A.
You closely miss something. You closely miss something.
The shadow strikes at you from the darkness!
Reactivating autopickup.
You hit the shadow but do no damage.
The shadow is almost destroyed.
The shadow slips into darkness.
The shadow flickers and vanishes!
Deactivating autopickup; reactivate with Ctrl-A.
You hit something but do no damage.
The shadow strikes at you from the darkness!
You die...
Your body crumbles into a pile of gold.

.........#...#....##.)))..##.....
........<#...#....##......##.#...
..................##......##.#...
###.##............##).....#....##
#. #.#..........##......#....# ..
#....∩.....######.####...># $..
#..........# #.# #....# ....
#..........######.####....# .O..
#..........Y............### ....
##........{######.#######
########### #.# #.##########
#........... ############


There were no monsters in sight!

Vanquished Creatures
  A hornet (D:8)
  A steam dragon (D:7)
  A water moccasin (D:7)
  An ice beast (D:5)
  An orc warrior (D:6)
  A hornet zombie (D:6)
  3 necrophages
  2 ogres
  2 centaurs
  A phantom (D:7)
  A kobold brigand (D:8)
  2 bullfrogs
  A wyvern zombie (D:6)
  2 scorpions
  A water moccasin skeleton (D:4)
  4 killer bees (D:7)
  A howler monkey (D:6)
  A centaur zombie (D:9)
  2 bullfrog zombies (D:5)
  3 hounds
  A jelly (D:5)
  An orc priest (D:4)
  A gnoll shaman (D:5)
  Ijyb (D:3)
  An iguana (D:6)
  A hound zombie (D:5)
  A hound skeleton (D:4)
  A howler monkey zombie (D:7)
  8 gnolls (D:5)
  7 adders
  An adder skeleton (D:2)
  2 worms
  2 dart slugs (D:4)
  2 orcs
  7 bats
  8 endoplasms
  2 giant cockroaches
  4 hobgoblins
  A jackal (D:1)
  10 kobolds
  5 quokkas
  9 ball pythons
  3 frilled lizards
  6 goblins
  5 rats
122 creatures vanquished.

Notes
Turn   | Place    | Note
-------+----------+-------------------------------------------
     0 | D:1      | Hasart the Octopode Transmuter began the quest for the Orb.
     0 | D:1      | Reached XP level 1. HP: 13/13 MP: 3/3
   156 | D:1      | Reached XP level 2. HP: 3/18 MP: 5/5
  1156 | D:2      | Learned a level 2 spell: Wereblood
  1313 | D:2      | Reached XP level 3. HP: 23/23 MP: 6/6
  1317 | D:2      | Learned a level 3 spell: Spider Form
  1639 | D:2      | Reached XP level 4. HP: 15/29 MP: 5/7
  2388 | D:2      | Reached skill level 1 in Poison Magic
  2589 | D:3      | Found a blossoming altar of Fedhas.
  2591 | D:3      | Noticed a bullfrog
  2601 | D:3      | Killed a bullfrog
  2602 | D:3      | Reached skill level 4 in Unarmed Combat
  2602 | D:3      | Reached XP level 5. HP: 25/34 MP: 5/8
  2731 | D:3      | Found a burning altar of Makhleb.
  3032 | D:3      | Found a faded altar of an unknown god.
  3048 | D:3      | Found Intur's Distillery.
  3119 | D:3      | Noticed Ijyb
  3131 | D:3      | Paralysed by Ijyb for 6 turns
  3138 | D:3      | Killed Ijyb
  3592 | D:3      | Found a sparkling altar of Nemelex Xobeh.
  3827 | D:4      | Identified the +3 dagger of the Lair of Beasts {vorpal,
                  | rElec}
  3904 | D:4      | Noticed an ogre
  3905 | D:4      | Noticed a necrophage
  3929 | D:4      | Killed a necrophage
  3930 | D:4      | Reached XP level 6. HP: 17/41 MP: 7/10
  4429 | D:4      | Reached XP level 7. HP: 29/45 MP: 11/11
  4444 | D:4      | Learned a level 4 spell: Ice Form
  4541 | D:4      | Found a bloodstained altar of Trog.
  4688 | D:4      | Found an opulent altar of Gozag.
  4693 | D:4      | Became a worshipper of Gozag Ym Sagoz the Greedy
  4797 | D:4      | Found a staircase to the Ecumenical Temple.
  5055 | D:4      | Noticed Grinder
  5063 | D:5      | Entered Level 5 of the Dungeon
  5136 | D:5      | Reached skill level 5 in Unarmed Combat
  5136 | D:5      | Reached skill level 1 in Ice Magic
  5435 | D:5      | Found Qyocwope's Magic Scroll Boutique.
  5813 | D:5      | Reached XP level 8. HP: 52/52 MP: 10/13
  6470 | D:6      | Found a runed translucent door.
  6471 | D:6      | Noticed Crazy Yiuf
  7261 | D:6      | Reached skill level 6 in Unarmed Combat
  7803 | D:7      | Reached XP level 9. HP: 58/58 MP: 5/15
  8145 | D:7      | Found a basalt altar of Yredelemnul.
  9503 | D:8      | Noticed a two-headed ogre
  9528 | D:8      | Noticed a hornet
  9761 | D:8      | Killed a hornet
  9785 | D:8      | Learned a level 3 spell: Frozen Ramparts
 10026 | D:9      | Reached skill level 7 in Unarmed Combat
 10202 | D:9      | Found a staircase to the Orcish Mines.
 10223 | D:9      | HP: 3/70 [orc warrior (11)]
 10224 | D:9      | Noticed a two-headed ogre
 10537 | D:8      | Slain by a shadow

Illustrated notes

Levels and vault maps discovered:
D:1:      dpeg_arrival_shelter, layout_basic, minmay_octomino_c4
D:2:      layout_basic, minmay_misc_feat_plants
D:3:      layout_loops_ring, bloody_makhleb, fedhas_altar_2, lemuel_tele_altar,
          serial_shops, nicolae_lakefront_shop,
          dilly_ecumenical_altar_fadedgnrine, uniq_ijyb
D:4:      layout_loops_cross, bloody_trog,
          nicolae_gozag_cash_rules_everything_around_me,
          minmay_temple_entry_proselytizer, uniq_grinder
D:5:      layout_basic, serial_shops, shop, grunt_ministairs_11
D:6:      layout_rooms, minmay_joined_circles, uniq_crazy_yiuf_cottage
D:7:      layout_loops_ring, lemuel_round_altar
D:8:      minmay_octagon_keep, layout_basic
D:9:      layout_small_grid, david_lair_generic, david_orc_2, uniq_psyche

Skill      XL: |  1  2  3  4  5  6  7  8  9 |
---------------+----------------------------+-----
Poison Magic   | 1 2 3 4 |  4.8
Fighting       | 2 3 4 |  4.4
Unarmed Combat | 4 5 6 7 |  7.0
Dodging        | 3 4 |  4.8
Transmutations | 3 4 |  4.8
Spellcasting   | 3 4 |  4.4
Ice Magic      | 2 3 4 |  4.7

Action                   |  1- 3 |  4- 6 |  7- 9 || total
-------------------------+-------+-------+-------++-------
Melee: Unarmed           |    71 |    86 |   211 ||   368
       Constrict         |    20 |    13 |    21 ||    54
       Tentacles         |    13 |    15 |    20 ||    48
       Punch             |     2 |     2 |     7 ||    11
       Kick              |     1 |       |       ||     1
 Cast: Beastly Appendage |     1 |     1 |       ||     2
       Spider Form       |       |     5 |    10 ||    15
       Wereblood         |       |       |     5 ||     5
       Ice Form          |       |       |    10 ||    10
Invok: Call Merchant     |       |       |     1 ||     1
Evoke: Wand              |       |       |     3 ||     3
  Use: Scroll            |       |       |    16 ||    16
 Stab: Sleeping          |     4 |     4 |     5 ||    13
       Paralysed         |       |       |     7 ||     7
       Distracted        |       |       |     2 ||     2
Armor: Skin              |    11 |     7 |    36 ||    54
Dodge: Dodged            |    54 |    45 |   118 ||   217
